 Dungeon Crawl Stone Soup version 0.29-a0-96-g93358da72b (webtiles) character file.

Game seed: 1597566163027976507

247730 Gargoyl the Fencer (level 20, -5/117 HPs)
             Began as a Gargoyle Abyssal Knight on Feb 12, 2022.
             Was a High Priest of Lugonu.
             Killed from afar by an ironbound frostheart (20 damage)
             ... by creeping frost
             ... on level 1 of the Vaults.
             The game lasted 00:57:58 (33105 turns).

Gargoyl the Fencer (Gargoyle Abyssal Knight)       Turns: 33105, Time: 00:57:58

Health: -5/117     AC: 43    Str: 24    XL:     20   Next: 0%
Magic:  28/30      EV: 14    Int:  9    God:    Lugonu [*****.]
Gold:   1441       SH:  0    Dex: 10    Spells: 19/19 levels left

rFire   + + .      SeeInvis .   p - +7 Throatcutter {drain, coup de grace}
rCold   + . .      Faith    .   C - +2 tower shield {AC+3}
rNeg    + . .      Spirit   .   y - +7 chain mail {Will+}
rPois   ∞          Reflect  +   x - +1 helmet of Hairiness {rF+}
rElec   +          Harm     .   r - scarf {rC+ rF+}
rCorr   .          Rampage  .   e - +2 pair of gloves
Will    ++...      Rage     1%  (no boots)
Stlth   .......... Rnd*Tele +   k - amulet of reflection
HPRegen 1.09/turn               h - +4 ring of evasion
MPRegen 0.22/turn               K - +4 ring of slaying

@: confused, ambrosia-drunk, marked, frozen, flying, very slow
A: sickness immunity, AC +15, big wings, negative energy resistance 1,
electricity resistance, torment resistance 1, petrification resistance,
iridescent scales 1, berserk 1, deformed body, dopey 2, frail 1, regeneration 1,
teleportitis 1, devolution 1
}: 1/15 runes: serpentine
a: Renounce Religion, Depart the Abyss, Bend Space, Banish, Corrupt, Enter the
Abyss


You were on level 1 of the Vaults.
You worshipped Lugonu.
Lugonu was extremely pleased with you.
You visited 6 branches of the dungeon, and saw 31 of its levels.
You visited the Abyss 3 times.

You collected 2945 gold pieces.
You spent 1504 gold pieces at shops.

Inventory:

Hand Weapons
 a - the +5 scythe "Finisher" {speed, eviscerate}
   (You found it on level 8 of the Dungeon)

   Attacks with this weapon are significantly faster.
   It may eviscerate those it strikes, slaying them instantly, with a decreasing
   chance against stronger foes.
 m - a +3 hand axe of flaming
 p - the +7 Throatcutter (weapon) {drain, coup de grace}
   (You found it on level 3 of the Dungeon)

   A truly terrible weapon, it drains the life of any living foe it strikes.
   It may instantly kill foes which have little health.
 B - a +2 war axe of electrocution
Missiles
 n - 48 poisoned darts (quivered)
Armour
 e - a +2 pair of gloves (worn)
 r - a scarf of resistance (worn)
 v - an orb of light
 x - the +1 helmet of Hairiness (worn) {rF+}
   (You bought it in a shop on level 2 of the Orcish Mines)

   rF:        It protects you from fire.
 y - a +7 chain mail of willpower (worn)
 C - a +2 tower shield of protection (worn)
Jewellery
 h - a +4 ring of evasion (left hand)
 k - an amulet of reflection (around neck)
 H - a ring of resist corrosion
 K - a +4 ring of slaying (right hand)
 L - a ring of protection from fire
 O - a +6 ring of strength
 Q - a ring of see invisible
 U - an amulet of regeneration
 W - a +4 ring of slaying
 Y - a ring of magical power
 Z - a ring of willpower
Wands
 g - a wand of flame (78)
 o - a wand of acid (20)
 q - a wand of polymorph (27)
 E - a wand of iceblast (24)
 I - a wand of mindburst (24)
 J - a wand of charming (4)
 R - a wand of paralysis (16)
Scrolls
 b - 10 scrolls of teleportation
 z - 2 scrolls of silence
 A - 4 scrolls of magic mapping
 D - 2 scrolls of fear
 M - 3 scrolls of blinking
 T - 10 scrolls of identify
 X - 3 scrolls of brand weapon
Potions
 c - a potion of invisibility
 d - 6 potions of flight
 f - a potion of ambrosia
 j - 7 potions of brilliance
 l - 3 potions of haste
 s - a potion of cancellation
 t - 3 potions of mutation
 u - 9 potions of curing
 w - 4 potions of magic
 F - a potion of resistance
 G - a potion of experience
 P - 3 potions of lignification
 V - a potion of berserk rage


   Skills:
 + Level 15.8 Fighting
 + Level 0.4(10.6) Short Blades
 + Level 16.3 Long Blades
 + Level 5.3(5.4) Axes
 + Level 0.5(3.7) Maces & Flails
 + Level 0.4(3.3) Polearms
 + Level 0.5(0.9) Staves
 + Level 0.4(0.8) Slings
 + Level 0.5 Bows
 + Level 0.5 Crossbows
 + Level 0.9(1.0) Throwing
 + Level 15.4 Armour
 * Level 10.8 Dodging
 + Level 3.2 Stealth
 + Level 15.0 Shields
 + Level 0.5 Unarmed Combat
 + Level 0.4 Spellcasting
 + Level 0.6 Conjurations
 + Level 0.8 Hexes
 + Level 0.4 Summonings
 + Level 0.3 Necromancy
 + Level 0.4 Translocations
 + Level 0.3 Transmutations
 + Level 0.8 Fire Magic
 + Level 0.5 Ice Magic
 + Level 0.3 Air Magic
 + Level 0.7 Earth Magic
 + Level 0.5 Poison Magic
 * Level 13.8 Invocations
 + Level 0.4 Evocations


You had 19 spell levels left.
You didn't know any spells.
Your spell library contained the following spells:

 Spells                   Type           Power      Damage    Failure   Level
 Animate Skeleton         Necr           0%         N/A       99%         1
 Apportation              Tloc           2%         N/A       99%         1
 Beastly Appendage        Tmut           0%         N/A       99%         1
 Shock                    Conj/Air       4%         1d3       99%         1
 Summon Small Mammal      Summ           4%         N/A       99%         1
 Wereblood                Tmut           0%         N/A       100%        2
 Call Canine Familiar     Summ           1%         N/A       100%        3
 Conjure Flame            Conj/Fire      1%         6-21      100%        3
 Ignite Poison            Fire/Tmut/Pois 1%         N/A       100%        3
 Inner Flame              Hex/Fire       1%         N/A       100%        3
 Ozocubu's Armour         Ice            1%         N/A       100%        3
 Portal Projectile        Hex/Tloc       2%         N/A       100%        3
 Spider Form              Tmut/Pois      1%         N/A       100%        3
 Summon Guardian Golem    Hex/Summ       1%         N/A       100%        3
 Swiftness                Air            0%         N/A       100%        3
 Airstrike                Air            0%         N/A       100%        4
 Cause Fear               Hex            0%         N/A       100%        4
 Olgreb's Toxic Radiance  Pois           1%         N/A       100%        4
 Passage of Golubria      Tloc           1%         N/A       100%        4
 Petrify                  Tmut/Erth      1%         N/A       100%        4
 Sticky Flame             Conj/Fire      1%         2d3       100%        4
 Alistair's Intoxication  Tmut/Pois      0%         N/A       100%        5
 Blade Hands              Tmut           0%         N/A       100%        5
 Excruciating Wounds      Necr           0%         N/A       100%        5
 Fireball                 Conj/Fire      0%         3d3       100%        5
 Freezing Cloud           Conj/Ice/Air   0%         6-21      100%        5
 Irradiate                Conj/Tmut      0%         3d13      100%        5
 Iskenderun's Battlesphe  Conj           1%         2d6       100%        5
 Metabolic Englaciation   Hex/Ice        0%         N/A       100%        5
 Silence                  Hex/Air        0%         N/A       100%        5
 Conjure Ball Lightning   Conj/Air       0%         3x3d6     100%        6
 Iron Shot                Conj/Erth      0%         9d1       100%        6
 Simulacrum               Ice/Necr       0%         N/A       100%        6
 Malign Gateway           Summ/Tloc      0%         N/A       100%        7
 Orb of Destruction       Conj           0%         9d5       100%        7
 Ozocubu's Refrigeration  Ice            0%         4d5       100%        7
 Spellforged Servitor     Conj/Summ      0%         N/A       100%        7
 Discord                  Hex            0%         N/A       100%        8
 Ignition                 Fire           0%         3d3       100%        8
 Lehudib's Crystal Spear  Conj/Erth      0%         10d2      100%        8
 Summon Horrible Things   Summ           0%         N/A       100%        8
 Polar Vortex             Ice            0%         N/A       100%        9
 Sublimation of Blood     Necr           Unusable   N/A       N/A         2

Dungeon Overview and Level Annotations

Branches:
Dungeon (15/15)            Temple (0/1) D:5            Lair (6/6) D:9
  Swamp (3/4) Lair:3        Snake (4/4) Lair:3        Slime (0/5) Lair:5
    Orc (2/2) D:12            Elf (0/3) Orc:2        Vaults (1/5) D:13
 Depths (0/4) D:15

Altars:
Fedhas
Gozag
Kikubaaqudgha
Makhleb
Okawaru
Xom
Jiyva

Shops:
D:10 :   D:12 :   Orc:1 [   Orc:2 (:(*

Portals:
Abyss: Swamp:3

Annotations:
D:14 exclusion: ice statue
Lair:6 exclusion: obsidian statue
Vaults:1 corrupted


Innate Abilities, Weirdness & Mutations

You are immune to sickness and miasma.
Your stone body is resilient. (AC +15)
You are immune to poison.
Your large and strong wings let you fly.
You resist negative energy. (rN+)
You are resistant to electric shocks. (rElec)
You are resistant to unholy torment.
You are immune to petrification.
You are partially covered in iridescent scales. (AC +2)
You tend to lose your temper in combat.
Armour fits poorly on your strangely shaped body.
You are very dopey. (Int -4)
You are frail. (-10% HP)
Your natural rate of healing is unusually fast.
You are occasionally teleported next to monsters.
You have hidden genetic defects.


Message History

The small abomination is destroyed!
The small abomination disappears in a puff of smoke!
The frost grips the small abomination!!
The small abomination is destroyed!
The small abomination disappears in a puff of smoke!
The centaur warrior misses the guardian serpent.
The centaur warrior kicks the guardian serpent but does no damage.
The guardian serpent coils itself and waves its upper body at the ironbound frostheart.
The wraith blinks into view!
The large abomination blinks!
The peacekeeper bites you but does no damage.
You block the peacekeeper's attack.
The tentacled starspawn bites the deep troll!
The tentacled starspawn tentacle-slaps the deep troll.
The ironbound frostheart calls freezing cold from the walls.
The frost grips you. You partially resist.
* * * LOW HITPOINT WARNING * * *
The frost grips the large abomination!
The large abomination is destroyed!
The large abomination disappears in a puff of smoke!
The frost grips the wraith!!!
The wraith partially resists.
The wraith is destroyed!
The wraith disappears in a puff of smoke!
The frost grips the tentacled starspawn!!
The tentacled starspawn is destroyed!
The tentacled starspawn disappears in a puff of smoke!
The frost grips the guardian serpent!
The guardian serpent dies!
The guardian serpent's corpse disappears in a puff of smoke!
The ironbound preserver hits you with a +1 flail of holy wrath.
* * * LOW HITPOINT WARNING * * *
You are confused.
You feel invigorated.
The peacekeeper bites you but does no damage.
The peacekeeper claws you.
* * * LOW HITPOINT WARNING * * *
The peacekeeper bites you but does no damage.
The peacekeeper barely misses you.
The ironbound frostheart calls freezing cold from the walls.
The frost grips you!! You partially resist.
You die...

... ... ### .. ...
########### ...#...
#..§§§p§..#
##.###.#####....T)§.§#
#...#...#.##...#9T#..#..#
...........'..#§9pc.....#
#...#...#..####.@p#W#...#
##.###.###.# #..##+##+##
#...#...#..# #§.#
...........# .###
#...#..)#.## ##
##.###†#### #...#...#
##.....## ###''##


You could see an ironbound preserver, 2 ironbound frosthearts, a centaur warrior
(sheltered), 2 deep trolls, a war gargoyle (sheltered) and a peacekeeper
(sheltered).

Vanquished Creatures
  Nikola (Snake:3)
  A hellephant (Swamp:3)
  Gastronok (D:9)
  The ghost of Stonecrops the Fighter, an adept DsGl of Wu Jian (Swamp:3)
  A tengu reaver (D:12)
  5 nagarajas
  2 cacodemons (Swamp:3)
  Louise (Swamp:2)
  A reaper (Abyss:1)
  2 ironbound preservers
  2 very ugly things (D:13)
  2 ironbound thunderhulks (Vaults:1)
  4 eleionomae
  Azrael (D:15)
  The ghost of Quacem the Covert, a journeyman GnDe of Ashenzari (Lair:3)
  3 bunyips (Swamp:1)
  An ettin (Orc:2)
  17 naga warriors
  A fire dragon (D:15)
  Harold (D:9)
  5 vault guards (D:13)
  7 boulder beetles
  3 salamander tyrants (Snake:4)
  20 hydras
  An ice dragon (D:15)
  3 ironbound frosthearts
  2 ogre magi
  17 centaur warriors
  10 anacondas
  A hell hog (Swamp:3)
  9 two-headed ogres
  A death knight (D:12)
  8 alligators
  3 orc high priests (Orc:2)
  5 tengu warriors
  4 death yaks
  10 naga sharpshooters
  A deep elf knight (D:12)
  3 shock serpents
  13 spriggans
  A spriggan berserker (Swamp:3)
  4 spectral death yaks (Lair:6)
  7 skeletal warriors
  4 salamander mystics
  A spectral anaconda (Lair:6)
  2 goliath frogs (Swamp:3)
  3 naga ritualists
  4 deep trolls
  4 spriggan druids
  5 lindwurms
  2 wizards
  9 swamp dragons
  2 ironbound convokers
  3 bog bodies
  5 orc knights
  Pikel (D:8)
  5 mana vipers
  4 necromancers
  2 harpies (D:13)
  4 manticores
  3 deep elf pyromancers (D:13)
  7 salamanders
  6 cyclopes
  2 will-o-the-wisps (Swamp:1)
  5 orc sorcerers
  21 ugly things
  A worldbinder (Swamp:3)
  18 elephants
  3 vault sentinels (Vaults:1)
  27 black mambas
  A dire elephant zombie (Lair:6)
  13 naga magi
  2 guardian serpents (Snake:3)
  5 gargoyles
  A torpor snail (Lair:4)
  An apocalypse crab (Swamp:3)
  15 cane toads
  A cane toad (shapeshifter) (D:13)
  8 yaktaurs
  A rime drake (shapeshifter) (D:14)
  9 komodo dragons
  A rime drake (Lair:4)
  3 unseen horrors
  2 efreet (D:13)
  3 freezing wraiths
  An ice devil (D:14)
  2 tengu conjurers (D:13)
  5 trolls
  A bloated husk (Swamp:1)
  8 hornets
  7 meliai (D:13)
  5 tyrant leeches
  4 polar bears
  A blink frog (shapeshifter) (D:13)
  17 blink frogs
  23 slime creatures
  10 dream sheep
  3 spectral elephants (Lair:6)
  A raiju (Swamp:3)
  A centaur simulacrum (D:15)
  A wyvern (D:10)
  A human (D:13)
  4 wraiths
  3 fire elementals (D:15)
  65 yaks
  A golden eye (shapeshifter) (D:13)
  3 basilisks
  2 steam dragons (D:8)
  11 vampire mosquitoes
  2 wargs
  A warg (shapeshifter) (D:12)
  Edmund (D:6)
  6 swamp worms
  30 water moccasins
  59 nagas
  An acid dragon (shapeshifter) (D:14)
  5 acid dragons
  2 hell hounds (D:15)
  2 swamp drakes (Swamp:3)
  3 black bears
  19 orc warriors
  An elephant zombie (Lair:6)
  2 sky beasts
  An ice beast (D:5)
  A necrophage (D:8)
  A boggart (Lair:3)
  11 wolves
  13 centaurs
  11 ogres
  An elephant skeleton (Lair:6)
  A phantom (D:5)
  2 kobold brigands
  9 bullfrogs
  2 gnoll sergeants
  2 scorpions
  3 cane toad simulacra (Lair:6)
  An elephant simulacrum (Lair:6)
  20 killer bees
  7 wights
  5 electric eels
  2 lava snakes (Lair:1)
  5 howler monkeys
  7 centaur zombies
  7 hounds
  A jelly (D:7)
  13 orc priests
  A centaur skeleton (D:7)
  A gnoll shaman (D:4)
  2 bullfrog skeletons
  An iguana (D:5)
  24 orc wizards
  3 polar bear simulacra (D:11)
  A yak simulacrum (D:11)
  6 wolf simulacra (D:11)
  A howler monkey zombie (D:9)
  13 gnolls
  8 adders
  A shadow imp (D:7)
  4 ufetubi
  3 worms (D:4)
  2 dart slugs
  83 orcs
  7 endoplasms
  4 giant cockroaches
  9 goblins
  6 hobgoblins
  3 jackals (D:3)
  3 quokkas
  8 ball pythons
  3 bats
  3 frilled lizards
  15 kobolds
  16 rats
  A river rat simulacrum (D:11)
1078 creatures vanquished.

Vanquished Creatures (collateral kills)
  A hydra (D:12)
1 creature vanquished.

Vanquished Creatures (others)
  A nagaraja (Snake:4)
  A centaur warrior (Vaults:1)
  A deep troll (Vaults:1)
  A wizard (Swamp:3)
  A salamander (Snake:3)
  4 bloated husks
  A meliai simulacrum (D:13)
  An orc wizard (Orc:1)
  An orc (Orc:2)
  A bush (Lair:6)
  2 foxfires (Swamp:1)
  23 fungi
  35 plants
  11 withered plants (Lair:6)
84 creatures vanquished.

Grand Total: 1163 creatures vanquished

Notes
Turn   | Place    | Note
-------+----------+-------------------------------------------
     0 | Abyss:1  | Gargoyl the Gargoyle Abyssal Knight began the quest for the
                  | Orb.
     0 | Abyss:1  | Reached XP level 1. HP: 14/14 MP: 2/2
    42 | D:1      | Escaped the Abyss
    70 | D:1      | Reached * piety under Lugonu
   319 | D:1      | You fall into a shaft and drop 1 floor!
   357 | D:2      | Reached XP level 2. HP: 6/20 MP: 3/3
   678 | D:1      | Reached XP level 3. HP: 14/24 MP: 4/4
  1463 | D:2      | Reached ** piety under Lugonu
  1933 | D:3      | Found an opulent altar of Gozag.
  1935 | D:3      | Found an ancient bone altar of Kikubaaqudgha.
  1941 | D:3      | Reached XP level 4. HP: 26/29 MP: 5/5
  2650 | D:3      | Found the +7 Throatcutter {drain, coup de grace}
  3157 | D:4      | Reached XP level 5. HP: 33/33 MP: 6/6
  3157 | D:4      | Noticed a black bear
  3165 | D:4      | Reached skill level 1 in Dodging
  3169 | D:4      | Killed a black bear
  3170 | D:4      | Reached skill level 1 in Long Blades
  3170 | D:4      | Reached XP level 6. HP: 39/39 MP: 7/7
  3187 | D:4      | Reached skill level 1 in Shields
  3220 | D:5      | Entered Level 5 of the Dungeon
  3249 | D:5      | Reached *** piety under Lugonu
  3250 | D:5      | Reached skill level 2 in Long Blades
  3452 | D:4      | Reached XP level 7. HP: 18/44 MP: 8/8
  3460 | D:4      | Reached skill level 3 in Long Blades
  4192 | D:5      | Found a staircase to the Ecumenical Temple.
  4368 | D:5      | Reached skill level 4 in Long Blades
  4462 | D:5      | Reached XP level 8. HP: 48/48 MP: 9/9
  4489 | D:5      | Reached skill level 5 in Armour
  4963 | D:6      | Noticed Edmund
  4968 | D:6      | Killed Edmund
  4969 | D:6      | Reached skill level 5 in Long Blades
  5053 | D:6      | Reached skill level 5 in Fighting
  5868 | D:7      | Reached **** piety under Lugonu
  5903 | D:7      | Reached skill level 6 in Long Blades
  5903 | D:7      | Reached skill level 1 in Stealth
  6264 | D:7      | Reached XP level 9. HP: 39/54 MP: 10/10
  6634 | D:8      | Noticed Pikel
  6643 | D:8      | Killed Pikel
  6644 | D:8      | Reached skill level 7 in Long Blades
  6966 | D:8      | Noticed a two-headed ogre
  6968 | D:8      | Reached skill level 8 in Long Blades
  6982 | D:8      | Killed a two-headed ogre
  6983 | D:8      | Reached XP level 10. HP: 52/61 MP: 11/11
  6983 | D:8      | Reached ***** piety under Lugonu
  7175 | D:8      | Noticed a skeletal warrior
  7190 | D:8      | Killed a skeletal warrior
  7191 | D:8      | Reached skill level 9 in Long Blades
  7196 | D:8      | Reached skill level 5 in Shields
  7373 | D:8      | Found the +5 scythe "Finisher" {speed, eviscerate}
  7819 | D:9      | Noticed Harold
  7826 | D:9      | Killed Harold
  7827 | D:9      | Reached skill level 10 in Long Blades
  8241 | D:9      | Reached XP level 11. HP: 67/67 MP: 12/12
  8286 | D:9      | Found a staircase to the Lair.
  9083 | D:10     | Entered Level 10 of the Dungeon
  9095 | D:10     | Found Obuchier's Book Boutique.
  9244 | D:10     | Noticed Gastronok
  9394 | D:9      | Killed Gastronok
  9554 | D:10     | Reached skill level 11 in Long Blades
  9593 | D:10     | Found a flagged portal.
 10107 | Lair:1   | Entered Level 1 of the Lair of Beasts
 10720 | Lair:1   | Noticed a four-headed hydra
 10728 | Lair:1   | Killed a one-headed hydra
 11247 | Lair:2   | Reached XP level 12. HP: 75/75 MP: 13/13
 11305 | Lair:2   | Reached skill level 10 in Armour
 11755 | Lair:2   | Reached skill level 12 in Long Blades
 11844 | Lair:2   | Found the +8 whip "Snakebite" {venom, curare, rPois}
 11949 | Lair:2   | Noticed an eight-headed hydra
 11961 | Lair:2   | Killed a one-headed hydra
 12396 | Lair:3   | Found a staircase to the Swamp.
 12399 | Lair:3   | Noticed a six-headed hydra
 12414 | Lair:3   | Killed a one-headed hydra
 12811 | Lair:3   | Reached ****** piety under Lugonu
 12870 | Lair:3   | Gained mutation: You are clumsy. (Dex -2) [potion of
                  | mutation]
 12870 | Lair:3   | Gained mutation: Your natural rate of healing is unusually
                  | fast. [potion of mutation]
 12870 | Lair:3   | Gained mutation: You expend magic power (3 MP) to
                  | strengthen your wands. [potion of mutation]
 12871 | Lair:3   | Lost mutation: You expend magic power (3 MP) to strengthen
                  | your wands. [potion of mutation]
 12871 | Lair:3   | Lost mutation: You are clumsy. (Dex -2) [potion of
                  | mutation]
 12871 | Lair:3   | Gained mutation: You tend to lose your temper in combat.
                  | [potion of mutation]
 13007 | Lair:3   | Found a runed translucent door.
 13008 | Lair:3   | Noticed Quacem's ghost (journeyman GnDe)
 13013 | Lair:3   | Identified the +9 spear "Beastslayer" {flame, rF- rCorr
                  | Dex+3}
 13154 | Lair:3   | Found a staircase to the Snake Pit.
 13462 | Lair:3   | Noticed a four-headed hydra
 13742 | Lair:3   | Killed Quacem's ghost
 13743 | Lair:3   | Reached XP level 13. HP: 68/80 MP: 15/15
 14879 | Lair:5   | Reached skill level 10 in Fighting
 14980 | Lair:5   | Reached skill level 13 in Long Blades
 15079 | Lair:5   | Found a viscous altar of Jiyva.
 15079 | Lair:5   | Found a staircase to the Slime Pits.
 15143 | Lair:5   | Reached skill level 5 in Dodging
 15264 | Lair:5   | Reached skill level 5 in Invocations
 15624 | Lair:6   | Entered Level 6 of the Lair of Beasts
 15820 | Lair:6   | Gained mutation: Your large and strong wings let you fly.
                  | [Gargoyle growth]
 15820 | Lair:6   | Reached XP level 14. HP: 80/88 MP: 18/18
 16140 | Lair:6   | Reached skill level 14 in Long Blades
 17804 | D:11     | Reached XP level 15. HP: 96/96 MP: 16/21
 18447 | D:12     | Found a staircase to the Orcish Mines.
 18669 | D:12     | Found Xanam's Book Emporium.
 19101 | D:12     | Noticed a tengu reaver
 19365 | D:12     | Killed a tengu reaver
 19759 | D:13     | Reached XP level 16. HP: 103/103 MP: 22/22
 19859 | D:13     | Found a gate to the Vaults.
 20743 | D:13     | Reached skill level 15 in Long Blades
 20743 | D:13     | Reached skill level 10 in Invocations
 21057 | D:13     | Reached XP level 17. HP: 60/109 MP: 24/24
 22381 | D:14     | Found an iron altar of Okawaru.
 22384 | D:14     | Found a blossoming altar of Fedhas.
 22384 | D:14     | Found a shimmering altar of Xom.
 22386 | D:14     | Found a burning altar of Makhleb.
 22386 | D:14     | Found a shimmering altar of Xom.
 22386 | D:14     | Found a blossoming altar of Fedhas.
 22608 | D:15     | Entered Level 15 of the Dungeon
 22792 | D:15     | Found a staircase to the Depths.
 22951 | D:15     | Noticed Azrael
 22965 | D:15     | Killed Azrael
 23573 | Orc:1    | Entered Level 1 of the Orcish Mines
 23574 | Orc:1    | Found Wuluam's Armour Shop.
 23712 | Orc:1    | Bought a scarf of resistance for 512 gold pieces
 23712 | Orc:1    | Bought a +4 chain mail of willpower for 504 gold pieces
 24203 | Orc:2    | Entered Level 2 of the Orcish Mines
 24250 | Orc:2    | Found a staircase to the Elven Halls.
 24730 | Orc:2    | Found Miygasch's Antique Weapon Boutique.
 24730 | Orc:2    | Found Otsy's Assorted Antiques.
 24740 | Orc:2    | Found Takasamu's Antique Weapon Emporium.
 24740 | Orc:2    | Found Myqoesk's Book Boutique.
 24747 | Orc:2    | Bought a spiked helmet for 171 gold pieces
 24747 | Orc:2    | Identified the +1 helmet of Hairiness {rF+} (You bought it
                  | in a shop on level 2 of the Orcish Mines)
 24758 | Orc:2    | Bought a scroll of enchant weapon for 135 gold pieces
 24767 | Orc:2    | Bought a glowing war axe for 182 gold pieces
 25144 | Snake:1  | Entered Level 1 of the Snake Pit
 25153 | Snake:1  | Reached skill level 10 in Shields
 26185 | Snake:2  | Reached XP level 18. HP: 117/117 MP: 26/26
 27150 | Snake:3  | Identified the +0 pair of gloves "Kosuosyn" {rF+ rC+}
 27700 | Snake:3  | Reached skill level 15 in Fighting
 27735 | Snake:3  | Noticed Nikola
 27770 | Snake:3  | Killed Nikola
 27858 | Snake:4  | Entered Level 4 of the Snake Pit
 28280 | Snake:4  | Reached skill level 15 in Armour
 28851 | Snake:4  | Reached skill level 16 in Long Blades
 29065 | Snake:4  | Reached skill level 10 in Dodging
 29305 | Snake:4  | Got a serpentine rune of Zot
 29505 | Swamp:1  | Entered Level 1 of the Swamp
 29550 | Swamp:1  | Reached XP level 19. HP: 106/124 MP: 28/28
 30304 | Swamp:2  | Noticed Louise
 30364 | Swamp:2  | Cast into level 3 of the Abyss (Louise)
 30365 | Swamp:2  | Escaped the Abyss
 30377 | Swamp:2  | Killed Louise
 30779 | Swamp:3  | Found a transporter.
 30883 | Swamp:3  | Reached skill level 5 in Axes
 31390 | Swamp:3  | Noticed a hellephant
 31390 | Swamp:3  | Noticed Stonecrops's ghost (adept DsGl)
 31401 | Swamp:3  | Found a transporter.
 31403 | Swamp:3  | Found a one-way gate to the infinite horrors of the Abyss.
 31737 | Swamp:3  | Gained mutation: You are occasionally teleported next to
                  | monsters. [a cacodemon]
 31751 | Swamp:3  | Gained mutation: You are dopey. (Int -2) [a cacodemon]
 31761 | Swamp:3  | Gained mutation: You are frail. (-10% HP) [a cacodemon]
 31791 | Swamp:3  | Gained mutation: You have hidden genetic defects. [a
                  | cacodemon]
 31882 | Swamp:3  | Escaped the Abyss
 31981 | Swamp:3  | Killed Stonecrops's ghost
 32003 | Swamp:3  | Killed a hellephant
 32012 | Swamp:3  | Gained mutation: You are very dopey. (Int -4) [a cacodemon]
 32027 | Swamp:3  | Gained mutation: You are partially covered in iridescent
                  | scales. (AC +2) [a cacodemon]
 32315 | Vaults:1 | Entered Level 1 of the Vaults
 32610 | Vaults:1 | Gained mutation: Armour fits poorly on your strangely
                  | shaped body. [hidden defects]
 32858 | Vaults:1 | Identified the +4 ring mail of Filth {rCorr}
 33090 | Vaults:1 | Reached skill level 15 in Shields
 33090 | Vaults:1 | Reached XP level 20. HP: 89/117 MP: 30/30
 33102 | Vaults:1 | Corrupted Vaults:1
 33105 | Vaults:1 | Killed from afar by an ironbound frostheart

Illustrated notes

Levels and vault maps discovered:
D:1:      lightli_arrival_statuegarden, layout_loops_ring, minmay_distorted
D:2:      layout_basic, minmay_rat_gold_closets
D:3:      layout_basic, jmf_multi_god_temple, minivault_19
D:4:      layout_basic, portal_sewer_entry_b
D:5:      layout_rooms, minmay_temple_entry_statues_pillars,
          chequers_serial_rivers_large_b, solitary_fountain,
          kennysheep_generic_room_9
D:6:      layout_basic, kennysheep_generic_room_14, uniq_edmund
D:7:      layout_loops_cross, nrook_loot_triangle
D:8:      layout_loops_ring, minmay_guarded_unrand_finisher, uniq_pikel
D:9:      layout_layer_cave, erik_lair_island, uniq_harold
D:10:     layout_loops_ring, serial_shops, shop, enter_bailey_8, uniq_gastronok
D:11:     layout_stronghold, gauntlet_entry_generic, eino_house_with_fridge
D:12:     layout_gridville, orc_0_dummy, serial_shops, nicolae_shop_statue_plus,
          minmay_misc_feat_tower, wad_scary_box
D:13:     minmay_spiral_squares, layout_long_grid, grunt_vaults_entry_fortified
D:14:     cheibrodos_frozen_isle, layout_loops_ring, doesnt_xom_only_xom
D:15:     grunt_enter_depths_hoard, layout_loops_cross,
          hangedman_abyss_or_decor_stagger, uniq_azrael
Lair:1:   layout_regular_city, nicolae_lair_liquid_snakes
Lair:2:   minmay_guarded_unrand_snakebite, layout_cave_pods,
          beast_lair_carwin_10, grunt_megastairs_1
Lair:3:   layout_roguey, minmay_swamp_entry_eels, dummy_snake_entry,
          ebering_ghost_funeral_grove, beast_lair_carwin_3
Lair:4:   layout_regular_city, grunt_megastairs_3
Lair:5:   layout_regular_city, slime_altar_1, beast_lair_carwin_7
Lair:6:   due_jungle_book, layout_concentric_octagons, lemuel_old_faithful,
          serial_bayou_shore_a
Swamp:1:  layout_basic_swamp, evilmike_swamp_ruin_house_1,
          nicolae_swamp_big_swirl
Swamp:2:  layout_falls_marsh, hangedman_swamp_ruin_wall, uniq_louise
Swamp:3:  layout_falls_marsh, gammafunk_ghost_abyssal_escape,
          hangedman_swamp_ruin_hall, swamp_pool1, st_swamp_ruins_4
Snake:1:  layout_basic
Snake:2:  layout_grid_shapes
Snake:3:  layout_honeycomb, uniq_nikola
Snake:4:  minmay_snake_end_coiled, layout_onion_interference
Orc:1:    layout_caves, serial_shops, nicolae_shop_advertising_works
          [nicolae_subvault_shop_adworks]
Orc:2:    grunt_orc_tribal_feast, layout_diamond_mine
Vaults:1: nicolae_vaults_angled_halls, ontoclasm_vaults_chip, v_misc_23,
          v_alt_pattern_4, nicolae_vaults_arrows, hangedman_vaults_stagger,
          nicolae_vaults_windows_and_doors_thing, nicolae_vaults_circle_grid_b,
          nicolae_vaults_asterisk, vaults_room_grunt_arrival_ludios,
          vaults_dpeg_diagonal, layout_vaults_omnicross

Skill      XL: |  1  2  3  4  5  6  7  8  9 10 11 12 13 14 15 16 17 18 19 |
---------------+----------------------------------------------------------+-----
Axes           | 2 3 4 5 |  5.3
Fighting       | 4 5 6 7 8 9 10 11 12 13 14 15 | 15.8
Armour         | 3 4 5 7 8 9 11 12 13 14 15 | 15.4
Dodging        | 1 2 3 4 5 6 7 8 9 10 | 10.8
Long Blades    | 1 2 4 6 8 10 11 12 13 14 15 16 | 16.3
Shields        | 2 4 5 6 7 8 9 10 12 15 | 15.0
Stealth        | 1 2 3 |  3.2
Invocations    | 3 6 8 9 10 11 12 13 | 13.8
Short Blades   | |  0.4
Maces & Flails | |  0.5
Polearms       | |  0.4
Staves         | |  0.5
Slings         | |  0.4
Bows           | |  0.5
Crossbows      | |  0.5
Throwing       | |  0.9
Unarmed Combat | |  0.5
Spellcasting   | |  0.4
Conjurations   | |  0.6
Hexes          | |  0.8
Summonings     | |  0.4
Necromancy     | |  0.3
Translocations | |  0.4
Transmutations | |  0.3
Fire Magic     | |  0.8
Ice Magic      | |  0.5
Air Magic      | |  0.3
Earth Magic    | |  0.7
Poison Magic   | |  0.5
Evocations     | |  0.4

Action                   |  1- 3 |  4- 6 |  7- 9 | 10-12 | 13-15 | 16-18 | 19-21 || total
-------------------------+-------+-------+-------+-------+-------+-------+-------++-------
Melee: Hand axe          |   130 |    54 |       |    23 |    19 |    10 |    79 ||   315
       Punch             |     1 |     1 |     1 |       |       |       |       ||     3
       Long sword        |       |    53 |   197 |   416 |   771 |  1429 |   708 ||  3574
Throw: Dart              |       |       |     1 |       |       |     5 |     2 ||     8
Invok: Depart the Abyss  |     1 |       |       |       |       |       |     2 ||     3
       Banish            |       |       |       |       |     2 |       |       ||     2
       Bend Space        |       |       |       |       |       |     2 |     5 ||     7
       Enter the Abyss   |       |       |       |       |       |       |     1 ||     1
       Corrupt           |       |       |       |       |       |       |     1 ||     1
  Use: Scroll            |     3 |       |    10 |     8 |    11 |     9 |     3 ||    44
       Potion            |       |     2 |       |     5 |     2 |     2 |     5 ||    16
Armor: Chain mail        |   114 |    58 |   135 |   256 |   425 |   894 |   557 ||  2439
       Leather armour    |     2 |       |       |       |       |       |       ||     2
Dodge: Dodged            |    60 |    43 |   147 |   261 |   424 |   867 |   414 ||  2216
Block: Other             |       |    25 |    37 |       |       |       |       ||    62
       Reflection        |       |     1 |     2 |       |     2 |   153 |    66 ||   224
       Orb               |       |       |    25 |    88 |   154 |   255 |       ||   522
       Tower shield      |       |       |       |       |       |   850 |  1191 ||  2041

Table legend: (Time is in decaauts)
 A = Elapsed time spent in this place.
 B = Non-inter-level travel time spent in this place.
 C = Inter-level travel time spent in this place.
 D = Time resting spent in this place.
 E = Time spent auto-exploring this place.
 F = Levels seen in this place.
 G = Mean time per level.
                   A        B        C        D        E       F      G
               +--------+--------+--------+--------+--------+-----+--------+
         Total |  32907 |  31319 |   1588 |   2620 |  20386 |  34 |  967.9 |
       Dungeon |  16885 |  16067 |    818 |   1675 |  10815 |  15 | 1125.7 |
          Lair |   7145 |   6707 |    438 |    176 |   4918 |   6 | 1190.8 |
         Swamp |   2580 |   2457 |    123 |     85 |   1324 |   3 |  860.0 |
     Snake Pit |   4267 |   4093 |    174 |    569 |   2167 |   4 | 1066.8 |
  Orcish Mines |   1372 |   1340 |     32 |      0 |    932 |   2 |  686.0 |
        Vaults |    545 |    545 |      0 |     60 |    188 |   1 |  545.0 |
         Abyss |    110 |    110 |      0 |     54 |     42 |   3 |   36.7 |
               +--------+--------+--------+--------+--------+-----+--------+

Top non-repeatable levels by time:
    D:13: 2034 daAuts
     D:9: 1696 daAuts
    D:12: 1571 daAuts
 Snake:3: 1540 daAuts
  Lair:3: 1504 daAuts
  Lair:2: 1490 daAuts
  Lair:6: 1403 daAuts
 Swamp:3: 1276 daAuts
     D:1: 1273 daAuts
     D:4: 1172 daAuts
 Snake:4: 1157 daAuts
     D:8: 1097 daAuts
    D:14: 1042 daAuts
    D:11: 1009 daAuts
     D:3: 995 daAuts
